 Dungeon Crawl Stone Soup version 0.17.1-3-g152610e (webtiles) character file.

237 KrozogBurug the Conjurer (level 6, -12/53 HPs)
             Began as an Ogre Wizard on Feb 27, 2016.
             Mangled by an ogre
             ... wielding a +0 giant club
              (25 damage)
             ... on level 4 of the Dungeon.
             The game lasted 00:13:11 (3785 turns).

KrozogBurug the Conjurer (Ogre Wizard)              Turns: 3785, Time: 00:13:11

Health: -12/53     AC:  5    Str: 13    XL:     6   Next: 6%
Magic:  11/11      EV:  9    Int: 19    God:
Gold:   147        SH:  0    Dex:  8    Spells: 4 memorised, 3 levels left

rFire  + . .     SeeInvis .     u - +0 dagger (venom)
rCold  x . .     Clarity  .     a - +0 robe
rNeg   . . .     SustAt   .     (no shield)
rPois  .         Gourm    .     b - +1 hat
rElec  .         Spirit   .     k - +0 cloak
rCorr  .         Warding  .     (gloves unavailable)
rMut   .         Stasis   .     (boots unavailable)
MR     .....                    (no amulet)
Stlth  +.........               (no ring)
                                i - ring of fire

@: not resistant to hostile enchantments, very unstealthy
A: unfitting armour, tough skin 1
a: no special abilities


You were on level 4 of the Dungeon.
You were not hungry.

You visited 1 branch of the dungeon, and saw 4 of its levels.

You collected 147 gold pieces.

Inventory:

Hand Weapons
 u - a +0 dagger of venom (weapon)
 v - a +2 flail of protection
Armour
 a - a +0 robe (worn)
 b - a +1 hat (worn)
 k - a +0 cloak (worn)
Jewellery
 i - a ring of fire (left hand)
Scrolls
 e - 2 scrolls of amnesia
 f - a scroll of enchant weapon {unknown}
 m - 3 scrolls of blinking
 o - a scroll of enchant armour
 s - a scroll of teleportation {unknown}
 t - 2 scrolls of remove curse
 x - a scroll of identify {unknown}
 y - 3 scrolls of recharging {unknown}
Potions
 g - a potion of degeneration {unknown}
 h - 2 potions of curing
 j - 2 potions of ambrosia {unknown}
 n - 2 potions of poison {unknown}
 q - 2 potions of heal wounds {unknown}
 r - a potion of cancellation {unknown}
Books
 c - a book of Minor Magic

   Spells                             Type                      Level
   a - Magic Dart                     Conjuration                  1
   b - Blink                          Translocation                2
   c - Call Imp                       Summoning                    2
   d - Repel Missiles                 Charms/Air                   2
   e - Slow                           Hexes                        2
   f - Conjure Flame                  Conjuration/Fire             3
   g - Mephitic Cloud                 Conjuration/Poison/Air       3
Comestibles
 d - 3 bread rations
 l - 4 fruits
 p - a royal jelly


   Skills:
 - Level 1.7 Dodging
 - Level 1.5 Stealth
 - Level 3.6 Spellcasting
 + Level 4.4 Conjurations
   Level 0.6 Summonings
 - Level 0.6 Translocations


You had 3 spell levels left.
You knew the following spells:

 Your Spells              Type           Power        Failure   Level  Hunger
a - Magic Dart            Conj           ###.         2%          1    None
b - Blink                 Tloc           N/A          17%         2    ##.....
c - Mephitic Cloud        Conj/Pois/Air  #.......     28%         3    ###....
d - Conjure Flame         Conj/Fire      ###.....     17%         3    ###....


Dungeon Overview and Level Annotations

Branches:
Dungeon (4/15)
 Temple: D:4-7

Altars:
Zin

Annotations:
D:3 Grinder


Innate Abilities, Weirdness & Mutations

You are too large for most types of armour.
You have tough skin (AC +1).


Message History

A rat, a river rat and a worm come into view.
A river rat comes into view.
Found 14 gold pieces.
The river rat completely misses you.
A rat comes into view.
The river rat bites you. The river rat bites you.
You enter the shallow water.
Moving in this stuff is going to be slow.
The worm closely misses you. The river rat bites you!
The river rat bites you but does no damage.
The worm closely misses you. The river rat barely misses you.
The rat splashes around in the water.
The rat bites you.
The river rat bites you but does no damage.
The river rat bites you.
* * * LOW HITPOINT WARNING * * *
The rat bites you but does no damage. The ogre hits you with a giant club!!
You die...

#.# #.####
########.....
#...O........
#######.###########
###.$.....#
#.........#
#≈...O....#
#≈≈.@wr...#
#≈≈≈r≈r...#
###+#r≈...# #≈.≈..#
+≈.≈..# #≈≈≈.##
######


You could see an ogre, a worm, 2 river rats and 2 rats.

Vanquished Creatures
  Blork the orc (D:4)
  A scorpion (D:4)
  Robin (D:3)
  3 adders
  3 worms
  4 giant geckos
  4 orcs (D:4)
  4 giant cockroaches
  14 goblins
  9 hobgoblins
  13 kobolds
  A ball python (D:4)
  6 bats
  A giant newt (D:1)
  8 rats
73 creatures vanquished.

Notes
Turn   | Place    | Note
--------------------------------------------------------------
     0 | D:1      | KrozogBurug the Ogre Wizard began the quest for the Orb.
     0 | D:1      | Reached XP level 1. HP: 16/16 MP: 5/5
    79 | D:1      | Reached skill level 1 in Conjurations
   213 | D:1      | Reached XP level 2. HP: 22/24 MP: 4/6
   217 | D:1      | Learned a level 2 spell: Blink
   965 | D:2      | Reached XP level 3. HP: 20/31 MP: 2/8
  1018 | D:2      | Learned a level 3 spell: Mephitic Cloud
  1022 | D:2      | Learned a level 3 spell: Conjure Flame
  1523 | D:2      | Found a glowing silver altar of Zin.
  1944 | D:3      | Reached XP level 4. HP: 39/39 MP: 9/9
  1948 | D:3      | Noticed Robin
  1984 | D:3      | Killed Robin
  2571 | D:3      | Noticed Grinder
  2832 | D:3      | Paralysed by Grinder for 5 turns
  2849 | D:3      | Paralysed by Grinder for 2 turns
  3505 | D:4      | Reached XP level 5. HP: 41/45 MP: 10/10
  3645 | D:4      | Noticed an ogre
  3647 | D:4      | Noticed Blork the orc
  3675 | D:4      | Killed Blork the orc
  3675 | D:4      | Reached skill level 4 in Conjurations
  3675 | D:4      | Reached XP level 6. HP: 10/53 MP: 2/11
  3785 | D:4      | Mangled by an ogre

Action                   |  1- 3 |  4- 6 || total
-------------------------+-------+-------++-------
Melee: Unarmed           |    73 |       ||    73
       Dagger            |    14 |   110 ||   124
 Cast: Magic Dart        |    61 |    23 ||    84
       Conjure Flame     |     1 |       ||     1
       Blink             |       |     4 ||     4
  Use: Scroll            |     2 |     2 ||     4
       Potion            |       |     1 ||     1
 Stab: Sleeping          |     1 |       ||     1
  Eat: Chunk             |     3 |     6 ||     9
